Cogmind - Beta 15 @@@ ROGUE MODE // 2025.07.11 @ 15:38:34 Player: MirenBlacksword Result: Destroyed by 33-2HS(R) with Subdweller Machine Gun Performance ------------- Evolutions (0) 0 Regions Visited (3) 600 Robots Destroyed (15) 75 Value Destroyed (446) 446 Prototype IDs (0) 0 Alien Tech Used (0) 0 Bonus (-11) -11 TOTAL SCORE: 1110 Bonus ------- Friendly Fire -11 Cogmind --------- Core Integrity 0/250 Matter 76/300 Energy 98/100 System Corruption 0% Temperature Cool (0) Movement Rolling (90) Location -10/Subcaves Parts ------- > --- POWER (1) -------- (None) > --- PROPULSION (2) --- Wheel Compact Wheel > --- UTILITY (2) ------ Medium Storage Unit > --- WEAPON (2) ------- Rocket Launcher Hammer > --- INVENTORY (10) --- Light Treads Light Treads Wheel Medium Matter Pod (0) Improved Terrain Scanner Light Armor Plating Assault Rifle Heavy Battle Rifle Peak State ------------ > --- POWER ------------ Ion Engine > --- PROPULSION ------- Compact Wheel Compact Wheel > --- UTILITY ---------- Medium Storage Unit Seismic Detector > --- WEAPON ----------- Assault Rifle Rocket Launcher > --- INVENTORY -------- Light Treads Light Treads Wheel Wheel Medium Matter Pod Improved Terrain Scanner Assault Rifle Assault Rifle Light Assault Rifle Grenade Launcher [Rating: 9] Favorites ----------- Power Ion Engine Engine Ion Engine Propulsion Compact Wheel Leg Aluminum Leg Wheel Compact Wheel Utility Medium Storage Unit Device Seismic Detector Storage Medium Storage Unit Weapon Grenade Launcher Energy Gun Small Laser Ballistic Gun Assault Rifle Launcher Grenade Launcher Impact Weapon Hammer Build | -11 -10 -10 -10 ------- Run | Yrd Mat Min Sub Slots Evolved . | . . . . Power . | . . . . Propulsion . | . . . . Utility . | . . . . Weapon . | . . . . Parts Attached 10 | 3 5 1 1 Power 1 | . 1 . . Engine 1 | . 1 . . Core . | . . . . Reactor . | . . . . Propulsion 3 | 2 1 . . Treads . | . . . . Leg . | . . . . Wheel 3 | 2 1 . . Hover . | . . . . Flight . | . . . . Utility 2 | 1 1 . . Device 1 | 1 . . . Storage 1 | . 1 . . Processor . | . . . . Hackware . | . . . . Protection . | . . . . Artifact . | . . . . Weapon 4 | . 2 1 1 Energy Gun . | . . . . Energy Cannon . | . . . . Ballistic Gun 1 | . 1 . . Ballistic Cannon . | . . . . Launcher 2 | . 1 1 . Special Weapon . | . . . . Impact Weapon 1 | . . . 1 Slashing Weapon . | . . . . Piercing Weapon . | . . . . Special Melee Weapon . | . . . . Unidentified Prototypes . | . . . . Parts Lost 5 | . 1 . 4 Power 2 | . 1 . 1 Propulsion 1 | . . . 1 Utility 1 | . . . 1 Weapon 1 | . . . 1 Highest Loss Streak 2 | . 1 . 2 To Critical Strikes . | . . . . Average Backups 9 | 6 8 9 9 Power . | 1 . . . Propulsion 4 | 4 4 4 3 Utility 2 | . 1 2 3 Weapon 2 | 1 2 3 2 Tool/Special . | . . . . Unused Backups 17 | 4 3 2 8 Power 2 | 1 1 . . Propulsion 5 | . 2 . 3 Utility 4 | 1 . . 3 Weapon 6 | 2 . 2 2 Tool/Special . | . . . . Average Slot Usage (%) 91 | . 99 100 77 Engine 9 | . 13 14 3 Wheel 28 | . 28 28 28 Device 10 | . 14 14 3 Storage 14 | . 14 14 14 Ballistic Gun 4 | . 14 . . Launcher 21 | . 13 27 22 Impact Weapon 1 | . . . 4 Peak Build Rating 9 | 8 8 9 9 Average Rating 7 | 6 7 8 7 On Entrance 7 | 6 8 8 9 Naked Turns . | . . . . Heaviest Build 23 | 11 21 23 23 Greatest Support 32 | 26 32 32 32 Greatest Overweight (x) . | . . . . Average Overweight (x) . | . . . . Largest Inventory Capacity 10 | 8 10 10 10 Average Capacity 9 | 8 9 10 10 Most Carried 10 | 8 9 10 10 Average Carried 9 | 6 8 9 9 Final Capacity 10 | 8 10 10 10 Final Carried 10 | 8 9 10 8 Class Distribution -------------------- 100% | Mutant Dominant Class ---------------- Mutant | -10/Materials Mutant | -10/Mines Mutant | -10/Subcaves Resources | -11 -10 -10 -10 ----------- Run | Yrd Mat Min Sub Matter Collected 500 | 226 . 246 28 Remotely . | . . . . Salvage Created 217 | 47 . 88 82 Parts 17 | 5 . 8 4 Haulers Intercepted . | . . . . Recyclers Shooed . | . . . . Parts Field Recycled . | . . . . Retrieved Matter . | . . . . Parts Self-Destructed . | . . . . Prevented . | . . . . Kills | -11 -10 -10 -10 ------- Run | Yrd Mat Min Sub Combat Hostiles Destroyed 13 | . . 7 6 AOE 13 | . . 7 6 Classes Destroyed 4 | 1 . 2 1 Tunneler 2 | 2 . . . Swarmer 3 | . . 3 . Grunt 4 | . . 4 . Subdweller 6 | . . . 6 Best Kill Streak 3 | 1 . 3 3 Combat Bots Only 3 | . . 3 3 Max Kills in Single Turn 2 | 1 . 2 2 Gunslinging . | . . . . Exploded 2 | . . 2 2 Melee . | . . . . Uniques/NPCs Destroyed . | . . . . Combat | -11 -10 -10 -10 -------- Run | Yrd Mat Min Sub Hostile Shots Fired 31 | . . 10 21 Missed 6 | . . 2 4 Hits 25 | . . 8 17 Projectile 25 | . . 8 17 Critical Strikes 1 | . . 1 . Damage Taken 614 | . 59 106 449 Core 265 | . . 23 242 Absorbed by Shields . | . . . . Core Remaining (%) 100 | 100 . . . Volleys Fired 34 | 14 . 8 12 Largest 2 | 2 . 2 2 Hottest 63 | 60 . 63 63 Shots Fired 59 | 20 . 16 23 Gun 20 | 20 . . . Cannon . | . . . . Launcher 39 | . . 16 23 Special . | . . . . Kinetic 14 | 14 . . . Thermal 6 | 6 . . . Explosive 39 | . . 16 23 Electromagnetic . | . . . . Robot Hit Streak 10 | 4 . 5 10 Robot Miss Streak 2 | 2 . 1 1 Penetration Max . | . . . . Secondary Targets . | . . . . Shots Hit Robots 28 | 13 . 7 8 Core Hits 25 | 3 . 11 11 Critical Kills . | . . . . Critical Parts Destroyed . | . . . . Critical Strikes . | . . . . Melee Attacks 10 | . . . 10 Impact 10 | . . . 10 Slashing . | . . . . Piercing . | . . . . Sneak Attacks . | . . . . Combat Hostiles . | . . . . Follow-up Attacks . | . . . . Damage Inflicted 1764 | 126 . 624 1014 Guns 126 | 126 . . . Cannons . | . . . . Explosions 1638 | . . 624 1014 Melee . | . . . . Ramming . | . . . . Kinetic 72 | 72 . . . Thermal 54 | 54 . . . Explosive 1638 | . . 624 1014 Electromagnetic . | . . . . Impact . | . . . . Slashing . | . . . . Piercing . | . . . . Highest Corruption . | . . . . Average Corruption . | . . . . Corruption Purged . | . . . . Corruption Blocked . | . . . . Overload Shots . | . . . . Overflow Damage 10 | . . 10 . Projectiles . | . . . . Explosions 10 | . . 10 . Melee . | . . . . Knockbacks . | . . . . Impact . | . . . . Kinetic . | . . . . Secondary . | . . . . Self-Inflicted Damage 41 | . . 4 37 Shots 2 | . . 1 1 Rammed . | . . . . Targets Rammed . | . . . . Kicked . | . . . . Crushed . | . . . . Highest Temperature 66 | 20 . 66 . Average Temperature 23 | 15 . 27 . Received Heat Transfer 129 | . . 63 66 Siege Activations . | . . . . Martial Activations . | . . . . Shielding Activations . | . . . . Robots Disrupted . | . . . . Combat Hostiles . | . . . . Robots Corrupted . | . . . . Combat Hostiles . | . . . . Parts Fried . | . . . . Impact Corruptions . | . . . . Robots Melted . | . . . . Combat Hostiles . | . . . . Parts Melted . | . . . . Heat Transferred 125 | 125 . . . Parts Sabotaged . | . . . . Parts Stolen . | . . . . Parts Stripped . | . . . . Power Chain Reactions . | . . . . Alert | -11 -10 -10 -10 ------- Run | Yrd Mat Min Sub Maximum Alert Level . | . . . . Low Security (%) 100 | 100 100 100 . Level 1 . | . . . . Level 2 . | . . . . Level 3 . | . . . . Level 4 . | . . . . Level 5 . | . . . . High Security . | . . . . Max Security . | . . . . Peak Influence 154 | 5 7 154 . Initial . | . . . . Average 40 | . . 85 . Influence Increases 310 | 10 16 284 . Destroy 0b10 Robot/C 140 | . . 140 . Destroy 0b10 Robot/NC 10 | 10 . . . Destroy Leader 30 | . . 30 . Successful Hack 16 | . 16 . . Destroy Structure 69 | . . 69 . Lose Combat Pursuer 45 | . . 45 . Influence Decreases 310 | 10 16 176 108 Entered New Map 57 | . . . 57 Time Decay 253 | 10 16 176 51 Squads Dispatched 1 | . 1 . . Investigation 1 | . 1 . . Extermination . | . . . . Reinforcement . | . . . . Assault . | . . . . Garrison . | . . . . Intercept . | . . . . Searches Triggered . | . . . . Construction Impeded . | . . . . Haulers Reinforced . | . . . . Active Scanning Responses . | . . . . Cargo Convoy Interrupts . | . . . . Stealth | -11 -10 -10 -10 --------- Run | Yrd Mat Min Sub Distress Signals . | . . . . Communications Jammed . | . . . . Distress Signals . | . . . . Times Spotted 18 | . . 9 9 Peak Tracking Total 5 | . . 5 3 Tactical Retreats 2 | . . 2 . Traps | -11 -10 -10 -10 ------- Run | Yrd Mat Min Sub Traps Triggered 1 | . 1 . . Indirectly . | . . . . Trap Hack Attempts . | . . . . Triggered . | . . . . Disarmed . | . . . . Reprogrammed . | . . . . Reused . | . . . . Traps Extracted . | . . . . Installed . | . . . . Triggered . | . . . . Machines | -11 -10 -10 -10 ---------- Run | Yrd Mat Min Sub Machines Disabled . | . . . . Max in Single Turn . | . . . . Machines Repaired . | . . . . Machines Dismantled . | . . . . Machines Sabotaged . | . . . . Overloaded Fab Kills . | . . . . Hacking | -11 -10 -10 -10 --------- Run | Yrd Mat Min Sub Machines Accessed 4 | . 3 . 1 Terminals 2 | . 2 . . Fabricators . | . . . . Repair Stations . | . . . . Recycling Units 1 | . 1 . . Scanalyzers . | . . . . Garrison Access . | . . . . Total Hacks 10 | . 7 . 3 Successful 8 | . 5 . 3 Failed 2 | . 2 . . Catastrophic 1 | . 1 . . Database Lockouts . | . . . . Manual 10 | . 10 . . Terminals 6 | . 6 . . Fabricators . | . . . . Repair Stations . | . . . . Recycling Units 1 | . 1 . . Scanalyzers . | . . . . Garrison Access . | . . . . Terminal Hacks 7 | . 4 . 3 Record 3 | . . . 3 Part Schematic 1 | . 1 . . Robot Analysis 2 | . 2 . . Branch Access Points 1 | . 1 . . Fabricator Hacks . | . . . . Repair Station Hacks . | . . . . Recycling Unit Hacks . | . . . . Scanalyzer . | . . . . Garrison Access Hacks . | . . . . Unauthorized Hacks 1 | . 1 . . Terminals . | . . . . Fabricators . | . . . . Repair Stations . | . . . . Recycling Units 1 | . 1 . . Recyclers 1 | . 1 . . Scanalyzers . | . . . . Garrison Access . | . . . . Data Cores Recovered . | . . . . Used . | . . . . Hacking Detections 2 | . 2 . . Full Trace Events 1 | . 1 . . Feedback Events . | . . . . Feedback Blocked . | . . . . Robot Schematics Acquired . | . . . . Robots Built . | . . . . Authchips . | . . . . Time . | . . . . Total Robot Build Rating . | . . . . Part Schematics Acquired 1 | . 1 . . Parts Built . | . . . . Authchips . | . . . . Time . | . . . . Total Part Build Rating . | . . . . Parts Repaired . | . . . . Time . | . . . . Parts Recycled . | . . . . Recycled Matter . | . . . . Retrieved Matter . | . . . . Retrieved Components . | . . . . Parts Scanalyzed . | . . . . Part Schematics Acquired . | . . . . Parts Damaged . | . . . . Bothacking | -11 -10 -10 -10 ------------ Run | Yrd Mat Min Sub Used RIF Installer . | . . . . Robots Hacked . | . . . . Non-combat . | . . . . Combat . | . . . . Robot Hacks Applied . | . . . . Relay Couplers Released . | . . . . Fabnet Peak Effective % . | . . . . Robots Rewired . | . . . . Allies Hacked . | . . . . Hacks Repelled . | . . . . Allies | -11 -10 -10 -10 -------- Run | Yrd Mat Min Sub Total Allies . | . . . . Largest Group . | . . . . Highest-Rated Group . | . . . . Highest-Rated Ally . | . . . . Total Orders . | . . . . Ally Attacks . | . . . . Total Damage . | . . . . Kills . | . . . . Allies Corrupted . | . . . . Allies Melted . | . . . . Intel | -11 -10 -10 -10 ------- Run | Yrd Mat Min Sub Active Infowar (turns) 944 | 15 362 439 128 Seismic 944 | 15 362 439 128 Robot Analysis Total 2 | . 2 . . Derelict Logs Recovered 2 | . . 1 1 Drone Launches . | . . . . Drone Recoveries . | . . . . Exploration | -11 -10 -10 -10 ------------- Run | Yrd Mat Min Sub Turns Passed 1440 | 131 362 439 508 Spaces Moved 1132 | 97 195 395 445 Core . | . . . . Treads . | . . . . Legs 3 | 3 . . . Wheels 1129 | 94 195 395 445 Hover . | . . . . Flight . | . . . . Fastest Speed 90 | 90 90 100 90 Average Speed 98 | 90 97 100 99 Slowest Speed 120 | 120 100 100 100 Overloaded Moves . | . . . . Propulsion Burnouts . | . . . . Robots Hopped . | . . . . Potential Cave-ins . | . . . . Cave-ins Triggered . | . . . . Exploration Rate (%) 33 | 4 27 74 27 Regions Visited 3 Branch Regions 2 Pre-discovered Areas . | . . . . Known Exits Taken 1 | . 1 . . Unknown Exits Taken 2 | 1 . 1 . Scrap Searched 3 | . . 3 . Spaces Dug . | . . . . Terrain Destroyed 211 | . . 110 101 Melee . | . . . . Projectile . | . . . . AOE 211 | . . 110 101 Terrain Rammed . | . . . . Walls Destroyed . | . . . . Machines Disabled . | . . . . Actions | -11 -10 -10 -10 --------- Run | Yrd Mat Min Sub Total 1379 | 120 367 423 469 Wait 176 | 5 158 13 . Move 1129 | 96 194 394 445 Hop . | . . . . Pick Up 10 | 2 5 3 . Fast Attach 1 | 1 . . . Attach 3 | . 1 . 2 Detach . | . . . . Swap 8 | 2 4 2 . Drop 8 | . 5 3 . Fire 34 | 14 . 8 12 Melee 10 | . . . 10 Ram . | . . . . Kick . | . . . . Crush . | . . . . Escape Stasis . | . . . . Rewire . | . . . . Trap . | . . . . Miscellaneous . | . . . . Route ------- -11/Scrapyard -10/Materials (discovered 2 exits: *Min x2) -10/Mines -10/Subcaves (discovered 1 exit: [*Mat]) History --------- Turn | Location | Event 1 | -11/Scrapyard | Discovered new exit (range 3) 132 | -11/Scrapyard | Entered Materials 261 | -10/Materials | Identified exit to Mines 301 | -10/Materials | Build established: Mutant 494 | -10/Materials | Entered Mines 501 | -10/Mines | Received a Rocket Launcher from a helpful Derelict 613 | -10/Mines | Learned Materials security intel 799 | -10/Mines | A weapon hastily lodged in a ceiling crevice suddenly fell to the ground 927 | -10/Mines | Discovered new exit (range 6) 933 | -10/Mines | Entered Subcaves 1127 | -10/Subcaves | Discovered new exit (range 11) 1219 | -10/Subcaves | A Subdweller sparked back to life 1235 | -10/Subcaves | Core integrity fell below 50% 1257 | -10/Subcaves | Learned Materials terminal intel 1360 | -10/Subcaves | Visited Clippyterm 1363 | -10/Subcaves | Learned Factory garrison access intel 1377 | -10/Subcaves | Ambushed by swarm of Subdwellers 1428 | -10/Subcaves | Core integrity fell below 20% 1441 | -10/Subcaves | Destroyed by 33-2HS(R) with Subdweller Machine Gun Last Messages --------------- queries and responses. --DD-NU8 >>Record! "Tag" It looks like you don't want to be "it," would you like help? Data stored: Factory garrison access intel. >>Record! "Botnets" It looks like you seek to become a more effective hacker when it comes to the important hacks, and I heartily recommend installing Trojan(Botnet) on at least one or two Terminals to improve your odds of success elsewhere. 01377_ 3Z-GUP(h): "The Subs are coming!" 01399_ GA-MN9(u) builds Twisted Machinery. 01416_ Acquired 5 matter. 01417_ GA-MN9(u) builds Twisted Machinery. 01422_ Acquired 9 matter. 01425_ Com. Wheel destroyed. 01431_ Acquired 6 matter. [Achievement: Achiever] Map ----- +----------------------------------------------------+ | | | | | | | | | | | | | | | ?????????????????????????????????????????????????? | | ?????????????????????????????????????????????????? | | ?????????????????????????????????????????????????? | | ?????????????????????????????????????????????????? | | ?????????????????????????????????????????????????? | | ?????????????????????????????????????????????????? | | ?????????????????????????????????????????????????? | | ?????????????????????????????????????????????????? | | ???????????????????###?###???????????????????????? | | ???????????????????# # #???????????????????????? | | ????????????????????$ $#???????????????????????? | | ????????????????????## "#????????????????????????? | | ????????????????????# ###???????????????????????? | | ???????????????????### # #???????????????????????? | | ???????????????????# < < #??##???????????????????? | | ###??????########### ### #???????????????????? | | ""######## # # ## #???????????????????? | | "" R ##???????????????????? | | "" R @ #????????????????????? | | "" ### ## # ### ##????????????????????? | | ""########?###### ##? #?????????????????????? | | ""#?????????????# ##?? / #????????????????????? | | "" ?????????????## #??# ##????????????????????? | | "" ?????????????? ?? ?????????????????????? | | """?????????????# ? ?????????????????????? | | """"????????????? ????????????????????? | | ##"?????????????## ## ????????????????????? | | ?????????????????###?? ???????????????????? | | ?????????????????????# #???????????????????? | | ?????????????????????# ###???????????????????? | | ????????????????????? #?????????????????????? | | ????????????????????? ??????????????????????? | | ????????????????????? ??????????????????????? | | ??????????????????????? ??????????????????????? | | ?????????????????????????????????????????????????? | | ?????????????????????????????????????????????????? | | ?????????????????????????????????????????????????? | | ?????????????????????????????????????????????????? | | ?????????????????????????????????????????????????? | | ?????????????????????????????????????????????????? | | ?????????????????????????????????????????????????? | | ?????????????????????????????????????????????????? | | ?????????????????????????????????????????????????? | +----------------------------------------------------+ Best States ------------- Heat Dissipation 25 Energy Generation 10 Energy Capacity 250 Matter Stores 290 Matter Capacity 300 Sight Range 16 Terrain Scan Density 10 Evasion (%) 42 Item Schematics ----------------- Huge Storage Unit | -10/Materials | Hacked Robot Schematics ------------------ None Fabricated ------------ Nothing Repaired ---------- Nothing Alien Tech Used ----------------- None Achievements -------------- Achiever Challenges ------------ None Game ------ Seed RapidNavigationArchive Manual? 0 Play Time 00:20:30 Cumulative 20.8 hours Start 2025.07.11 @ 15:19:11 End 2025.07.11 @ 15:38:34 Sessions 1 Manual Loads 0 Difficulty Rogue Special Mode None Game No. 15 Rogue 10 Adventurer 5 Explorer 0 Win Type - Total 1 Types 1/0/0/0/0/0/0/0/0/0 Lore% 23 Gallery% 17 Achievement% 25 Wizard Run 0 Options --------- Layout 1 ASCII 0 Keyboard 1 Movement Arrows Keybinds 0 Fullscreen 1 Font 24/Smallcaps Map View 50x35 Zoom Use 0% Tactical HUD 1 Map Filters NONE Filters NONE Steam 1 RUN: 82d9fc1b-f139-4b21-aff9-5d9cf2386f88